 Dungeon Crawl Stone Soup version bcrawl-1.15.1 (webtiles) character file.

Game seed: 8018703558387837310

24 Kerapac the Sneak (level 3, 28/28 HPs)
             Began as an Oni Archaeologist on Sept 29, 2019.
             Quit the game on level 1 of the Dungeon.
             The game lasted 00:01:19 (418 turns).

Kerapac the Sneak (Oni Archaeologist)                Turns: 418, Time: 00:01:20

Health: 28/28      AC:  6    Str: 14    XL:     3   Next: 2%
Magic:  6/6        EV: 12    Int: 16    God:
Gold:   22         SH:  0    Dex:  9    Spells: 3/4 levels left

rFire    . . .     SeeInvis .   a - +0 whip
rCold    . . .     Gourm    .   (no shield)
rNeg     . . .     Faith    .   b - +1 animal skin
rPois    .         Spirit   .   c - +1 hat
rElec    .         Reflect  .   (no cloak)
rCorr    .         Harm     .   (no gloves)
MR       .....                  d - +1 pair of boots
Stlth    ++........             (no amulet)
HPRegen  0.09/turn              (no ring)
MPRegen  0.10/turn              (no ring)

@: studying Short Blades
A: oni magic, claws 1, fangs 1, horns 1
a: no special abilities


You were on level 1 of the Dungeon.
You were not hungry.

You visited 1 branch of the dungeon, and saw 1 of its levels.

You collected 22 gold pieces.

Inventory:

Hand Weapons
 a - a +0 whip (weapon)
Armour
 b - a +1 animal skin (worn)
 c - a +1 hat (worn)
 d - a +1 pair of boots (worn)
Scrolls
 h - 2 scrolls of remove curse {unknown}
Potions
 i - a potion of lignification {unknown}
Books
 e - a manual of Short Blades
Miscellaneous
 f - an ancient crate
Comestibles
 g - a ration {!d}


   Skills:
 - Level 1.0 Fighting
 - Level 1.1 Maces & Flails
 - Level 2.8 Dodging
 - Level 3.0 Stealth
 + Level 1.2 Spellcasting


You had 3 spell levels left.
You knew the following spells:

 Your Spells              Type           Power        Failure   Level  Hunger
a - Sandblast             Erth           #.....       13%         1    ##.....

Your spell library contained the following spells:

 Spells                   Type           Power        Failure   Level  Hunger


Dungeon Overview and Level Annotations

Branches:
Dungeon (1/12)

Altars:


Innate Abilities, Weirdness & Mutations

You learn spells by gaining experience, not through books or religion.
You only train spellcasting to practice magic.
You have sharp fingernails.
You have very sharp teeth.
You have a pair of small horns on your head.


Message History

The dart slug barely misses you.
You hit the dart slug.
The dart slug is heavily wounded.
The dart slug misses you.
You hit the dart slug. You headbutt the dart slug.
You kill the dart slug!
You hit the hobgoblin but do no damage. You headbutt the hobgoblin.
The hobgoblin is heavily wounded.
The hobgoblin hits you but does no damage.
You hit the hobgoblin but do no damage.
The hobgoblin is heavily wounded.
The hobgoblin hits you but does no damage.
You hit the hobgoblin. You headbutt the hobgoblin.
You kill the hobgoblin!
You have reached level 3!
Your experience leads to an increase in your attributes!
Increase (S)trength, (I)ntelligence, or (D)exterity?
You feel clever.
You have an epiphany!
The dusty tome is a manual of Short Blades!
Reading it may be key to unlocking the crate...
Are you sure you want to abandon this character and quit the game? (Confirm with "yes".)

...[.# #.# ## #. #.#
.###.## #.#
..#...####.##########
.....................
..#...####..#.######
.###.# #..#.#
.###.#####..#.########.#
............#...@).....#
.....#####.#########....
.......# #.# # .#####.#
#.# .## #.# #.# .># #.#
#.# #.####.###.#
#..........#
######.###....


There were no monsters in sight!

Vanquished Creatures
  2 dart slugs (D:1)
  A giant cockroach (D:1)
  2 goblins (D:1)
  2 hobgoblins (D:1)
  4 bats (D:1)
  A frilled lizard (D:1)
  5 kobolds (D:1)
  4 rats (D:1)
21 creatures vanquished.

Notes
Turn   | Place    | Note
-------+----------+-------------------------------------------
     0 | D:1      | Kerapac the Oni Archaeologist began the quest for the Orb.
     0 | D:1      | Reached XP level 1. HP: 16/16 MP: 3/3
    42 | D:1      | Reached skill level 3 in Stealth
    82 | D:1      | Reached XP level 2. HP: 23/23 MP: 4/4
    85 | D:1      | Learned a level 1 spell: Sandblast
   269 | D:1      | Reached skill level 1 in Spellcasting
   417 | D:1      | Reached XP level 3. HP: 28/28 MP: 6/6
   418 | D:1      | Quit the game

Skill      XL: |  1  2 |
---------------+-------+-----
Stealth        | 3 |  3.0
Spellcasting   | 1 |  1.2
Fighting       | |  1.0
Maces & Flails | |  1.1
Dodging        | |  2.8

Action                   || total
-------------------------++-------
Melee: Whip              ||    72
       Bite              ||     4
       Headbutt          ||     6
 Stab: Sleeping          ||     1
Armor: Animal skin       ||    38
Dodge: Dodged            ||    63
